 Dungeon Crawl Stone Soup version 0.28.0-53-g5a82cb258f (webtiles) character file.

Game seed: 16353652837475549480

23804 issech the Whirler (level 12, 0/103 HPs)
             Began as a Minotaur Monk on June 6, 2022.
             Was a Priest of Hepliaklqana.
             Slain by a vampire knight
             ... wielding a +2 long sword of freezing
              (11 damage)
             ... on level 12 of the Dungeon.
             The game lasted 01:04:44 (14639 turns).

issech the Whirler (Minotaur Monk)                 Turns: 14639, Time: 01:04:44

Health: 0/103      AC: 28    Str: 16    XL:     12   Next: 75%
Magic:  11/11      EV:  4    Int:  7    God:    Hepliaklqana [***...]
Gold:   279        SH: 18    Dex: 33    Spells: 11/11 levels left

rFire   + . .      SeeInvis .   A - +2 long sword (holy)
rCold   . . .      Faith    .   S - +0 kite shield
rNeg    . . .      Spirit   .   W - +3 crystal plate armour
rPois   +          Reflect  +   Q - +0 hat {Stlth+}
rElec   .          Harm     .   v - +0 cloak
rCorr   .          Rampage  .   (no gloves)
Will    .....                   G - +0 pair of boots
Stlth   ..........              u - amulet of reflection
HPRegen 0.27/turn               z - +6 ring of dexterity
MPRegen 0.12/turn               x - ring "Ommoj" {rPois rF+ Will- Dex+9 Slay+5}

@: mighty, studying Armour
A: reduced essence, horns 2, retaliatory headbutt
a: Renounce Religion, Recall Ancestor, Ancestor Identity, Transference


You were on level 12 of the Dungeon.
You worshipped Hepliaklqana.
Hepliaklqana was most pleased with you.
You visited 2 branches of the dungeon, and saw 13 of its levels.
You also visited: Bailey.

You collected 669 gold pieces.
You spent 390 gold pieces at shops.

Inventory:

Hand Weapons
 w - the +7 hunting sling "Giant's Toothpick" {flame, rF+}
   (You found it on level 4 of the Dungeon)

   Any ammunition fired from it burns those it strikes, dealing additional fire
   damage.
   rF:        It protects you from fire.
 A - a +2 long sword of holy wrath (weapon)
 L - a +2 hand crossbow of freezing
 O - a +3 short sword of venom
Missiles
 c - 14 boomerangs (quivered)
 d - 267 stones
 h - 30 poisoned darts
 m - 39 bolts
 r - 4 javelins
 s - 575 arrows
 t - 35 sling bullets
 V - 7 silver javelins
Armour
 l - an orb of wrath
 v - a +0 cloak (worn)
 C - the +2 ring mail of Ibby {rN+}
   (You found it on level 7 of the Dungeon)

   rN:        It protects you from negative energy.
 G - a +0 pair of boots (worn)
 Q - a +0 hat of stealth (worn)
 R - a +3 leather armour of fire resistance
 S - a +0 kite shield (worn)
 W - a +3 crystal plate armour (worn)
 Z - +0 swamp dragon scales
Jewellery
 j - a ring of protection from cold
 u - an amulet of reflection (around neck)
 x - the ring "Ommoj" (right hand) {rPois rF+ Will- Dex+9 Slay+5}
   (You found it on level 4 of the Dungeon)

   [ring of protection from fire]

   Dex:       It affects your dexterity (+9).
   Slay:      It affects your accuracy & damage with ranged weapons and melee
   (+5).
   rF:        It protects you from fire.
   rPois:     It protects you from poison.
   Will:      It decreases your willpower.
 y - a ring of magical power
 z - a +6 ring of dexterity (left hand)
 E - a ring of poison resistance
 I - a ring of poison resistance
Wands
 a - a wand of iceblast (3)
 F - a wand of digging (9)
 J - a wand of charming (8)
 M - a wand of acid (7)
 N - a wand of flame (21)
 U - a wand of polymorph (4)
Scrolls
 b - 6 scrolls of teleportation
 e - 4 scrolls of fog
 g - 3 scrolls of fear
 i - 4 scrolls of magic mapping
 k - a scroll of amnesia
 n - a scroll of torment {unknown}
 D - 2 scrolls of silence
 H - 7 scrolls of enchant weapon
 P - 3 scrolls of summoning
Potions
 f - 4 potions of haste {unknown}
 o - a potion of resistance
 p - a potion of invisibility
 q - 3 potions of curing
 K - 2 potions of mutation
 T - a potion of cancellation
 X - 3 potions of magic {unknown}
 Y - a potion of heal wounds


   Skills:
 + Level 13.4 Fighting
 + Level 3.7 Short Blades
 + Level 6.2 Axes
 + Level 15.1(15.2) Slings
 + Level 2.7(9.4) Throwing
 + Level 13.3 Armour
 + Level 4.6 Dodging
 + Level 3.0 Stealth
 + Level 4.2 Shields


You had 11 spell levels left.
You didn't know any spells.
Your spell library contained the following spells:

 Spells                   Type           Power      Damage    Failure   Level
 Beastly Appendage        Tmut           0%         N/A       100%        1
 Freeze                   Ice            0%         1d3       100%        1
 Slow                     Hex            0%         N/A       100%        1
 Sublimation of Blood     Necr           0%         N/A       100%        2
 Wereblood                Tmut           0%         N/A       100%        2
 Call Canine Familiar     Summ           0%         N/A       100%        3
 Confusing Touch          Hex            0%         N/A       100%        3
 Frozen Ramparts          Ice            0%         1d2       100%        3
 Ignite Poison            Fire/Tmut/Pois 0%         N/A       100%        3
 Mephitic Cloud           Conj/Pois/Air  0%         N/A       100%        3
 Portal Projectile        Hex/Tloc       0%         N/A       100%        3
 Spider Form              Tmut/Pois      0%         N/A       100%        3
 Vampiric Draining        Necr           0%         2d6       100%        3
 Animate Armour           Summ/Erth      0%         N/A       100%        4
 Hailstorm                Conj/Ice       0%         3d3       100%        4
 Leda's Liquefaction      Hex/Erth       0%         N/A       100%        4
 Blade Hands              Tmut           0%         N/A       100%        5
 Freezing Cloud           Conj/Ice/Air   0%         6-21      100%        5
 Lee's Rapid Deconstruct  Erth           0%         3d5*      100%        5
 Iron Shot                Conj/Erth      0%         9d1       100%        6
 Simulacrum               Ice/Necr       0%         N/A       100%        6
 Statue Form              Tmut/Erth      0%         N/A       100%        6
 Summon Hydra             Summ           0%         N/A       100%        7
 Polar Vortex             Ice            0%         N/A       100%        9


Dungeon Overview and Level Annotations

Branches:
Dungeon (12/15)            Temple (1/1) D:6            Lair (0/6) D:8
    Orc (0/2) D:9          Bailey (visited)

Altars:
Ashenzari
Cheibriados
Dithmenos
Elyvilon
Fedhas
Gozag
Hepliaklqana
Kikubaaqudgha
Makhleb
Nemelex Xobeh
Okawaru
Qazlal
Ru
Sif Muna
Trog
Uskayaw
Vehumet
Wu Jian
Xom
Yredelemnul
Zin
The Shining One

Shops:
D:8 =

Annotations:
D:12 1 transporter, firemarshallily's ghost, journeyman MfSu


Innate Abilities, Weirdness & Mutations

Your life essence is reduced to manifest your ancestor. (-10% HP)
You have a pair of horns on your head.
You reflexively headbutt those who attack you in melee.


Message History

Something hits you but does no damage. Something bites you but does no damage.
You can move again.
You slash something! You headbutt something. You block something's attack.
Something bites you.
* * * LOW HITPOINT WARNING * * *
Something draws strength from your injuries!
Something hits you but does no damage. Something bites you but does no damage.
You hit something. You headbutt something! Something hits you!
* * * LOW HITPOINT WARNING * * *
Something freezes you.
* * * LOW HITPOINT WARNING * * *
Something bites you but does no damage.
Unknown command.
You feel much better. Something hits you but does no damage.
Something bites you but does no damage.
You slash something! You headbutt something.
Something hits you but does no damage. Something bites you!
* * * LOW HITPOINT WARNING * * *
Something draws strength from your injuries!
Unknown command.
You hit something. Something draws life force from you!
* * * LOW HITPOINT WARNING * * *
Something draws life force from you.
* * * LOW HITPOINT WARNING * * *
Unknown command.
You feel much better. Something hits you but does no damage.
Something bites you but does no damage.
You barely miss something. You headbutt something!
A vampire knight appears from thin air!
Reactivating autopickup.
The vampire knight gestures at you while chanting.
You suddenly lose the ability to move!
The vampire knight mumbles some strange words.
The vampire knight flickers and vanishes!
Deactivating autopickup; reactivate with Ctrl-A.
You can move again.
You barely miss something. Something hits you!!
* * * LOW HITPOINT WARNING * * *
Something freezes you!
You die...

#.................###.....
#........©........#.......
#..#############..#......[
#..#WV..[!?$...#..#.......
#..#W..(.......#..#.......
#..#..##...##..#..#.......
#..#..#8.(.8#..#..#.......
#..#..##({(##..#..########
#..#.....@.....#..#.......
#..#..##...##..#..#.......
#..#..#8...8#$?#..#.......
#..#..##...##..#..#.......
#..#...........#..#.......
#..#...........#..)....)..
#..#############..........
#........©................
#.........................


There were no monsters in sight!

Vanquished Creatures
  Gastronok (D:8)
  2 hydras
  3 centaur warriors
  A two-headed ogre (D:10)
  Urug (D:10)
  Pikel (D:8)
  2 orc knights (Bailey)
  An ugly thing (D:11)
  A manticore (D:11)
  A cyclops (D:9)
  Joseph (D:7)
  2 centaur zombies
  Maggie (D:7)
  2 gargoyles (D:12)
  A kobold demonologist (D:11)
  A troll (D:12)
  The ghost of Sin92 the Skirmisher, an amateur DsFi (D:5)
  A hornet (D:8)
  2 shadows (D:9)
  A vampire (D:12)
  A wraith (D:9)
  6 wyverns
  A basilisk (shapeshifter) (D:11)
  17 yaks
  4 fire bats (D:9)
  2 basilisks (D:8)
  A two-headed ogre zombie (D:9)
  5 water moccasins
  A spectral hornet (D:12)
  An acid dragon (D:12)
  Duvessa (D:7)
  A hell hound (D:9)
  11 orc warriors
  A black bear (D:8)
  2 sky beasts
  3 hornet zombies
  13 centaurs
  2 wolves (D:8)
  2 ogres
  A phantom (D:6)
  2 kobold brigands
  4 scorpions
  A gnoll sergeant (D:10)
  2 wyvern zombies
  A water moccasin zombie (D:6)
  Dowan (D:7)
  A troll zombie (D:9)
  A howler monkey (D:6)
  An electric eel (D:8)
  2 lava snakes (D:9)
  A hound (D:4)
  Crazy Yiuf (D:5)
  A bullfrog skeleton (D:5)
  3 jellies
  5 orc priests
  2 centaur skeletons
  An iguana (D:6)
  A scorpion zombie (D:5)
  A killer bee zombie (D:8)
  6 orc wizards
  6 ogre zombies (D:9)
  A hound skeleton (D:4)
  6 gnolls
  2 howler monkey zombies
  5 adders
  A howler monkey skeleton (D:5)
  2 worms
  A dart slug (D:1)
  36 orcs
  10 ball pythons
  8 endoplasms
  4 giant cockroaches
  9 goblins
  5 hobgoblins
  19 kobolds
  5 quokkas
  2 bats
  7 frilled lizards
  A goblin zombie (D:9)
  3 hobgoblin skeletons (D:9)
  2 hobgoblin zombies (D:9)
  An orc skeleton (D:9)
  18 orc zombies (D:9)
  2 rats
  A spectral hobgoblin (D:10)
  3 fire vortices (D:9)
301 creatures vanquished.

Vanquished Creatures (collateral kills)
  2 two-headed ogres
  A skeletal warrior (D:12)
  2 centaur zombies
  A freezing wraith (D:12)
  A yak (D:11)
  A centaur (D:11)
  A kobold brigand (D:11)
9 creatures vanquished.

Vanquished Creatures (others)
  3 battlemagi
  2 fungi (D:8)
  18 plants (D:8)
23 creatures vanquished.

Grand Total: 333 creatures vanquished

Notes
Turn   | Place    | Note
-------+----------+-------------------------------------------
     0 | D:1      | issech the Minotaur Monk began the quest for the Orb.
     0 | D:1      | Reached XP level 1. HP: 19/19 MP: 0/0
   260 | D:1      | Reached XP level 2. HP: 27/27 MP: 1/1
   825 | D:1      | Reached XP level 3. HP: 25/33 MP: 2/2
  1236 | D:2      | Found a faded altar of an unknown god.
  1622 | D:2      | Reached skill level 1 in Throwing
  2124 | D:3      | Reached XP level 4. HP: 32/40 MP: 3/3
  2360 | D:3      | Reached skill level 1 in Armour
  3043 | D:4      | Noticed a scorpion
  3051 | D:4      | Killed a scorpion
  3052 | D:4      | Reached XP level 5. HP: 40/46 MP: 4/4
  3409 | D:4      | Identified the +7 hunting sling "Giant's Toothpick" {flame,
                  | rF+}
  3733 | D:4      | Identified the ring "Ommoj" {rPois rF+ Will- Dex+9 Slay+5}
  4051 | D:5      | Entered Level 5 of the Dungeon
  4061 | D:5      | Reached skill level 5 in Axes
  4100 | D:5      | Reached XP level 6. HP: 52/52 MP: 5/5
  4131 | D:5      | Reached skill level 1 in Slings
  4273 | D:5      | Reached skill level 2 in Slings
  4273 | D:5      | Reached XP level 7. HP: 45/60 MP: 6/6
  4358 | D:5      | Reached skill level 3 in Slings
  4515 | D:5      | Reached skill level 4 in Slings
  4568 | D:5      | Found a runed translucent door.
  4569 | D:5      | Noticed Sin92's ghost (amateur DsFi)
  4747 | D:5      | Found a runed translucent door.
  4748 | D:5      | Noticed Crazy Yiuf
  4841 | D:5      | Killed Crazy Yiuf
  5028 | D:5      | Killed Sin92's ghost
  5029 | D:5      | Reached skill level 5 in Fighting
  5029 | D:5      | Reached skill level 5 in Slings
  5167 | D:6      | Reached XP level 8. HP: 68/68 MP: 7/7
  5463 | D:6      | Found an iron altar of Okawaru.
  5476 | D:6      | Reached skill level 6 in Slings
  5476 | D:6      | Reached skill level 5 in Armour
  5761 | D:6      | Found a staircase to the Ecumenical Temple.
  5785 | D:6      | Reached skill level 7 in Slings
  5897 | Temple   | Entered the Ecumenical Temple
  6391 | D:7      | Found a radiant altar of Vehumet.
  6721 | D:7      | Noticed Dowan
  6722 | D:7      | Noticed Duvessa
  6727 | D:7      | Killed Duvessa
  6728 | D:7      | Reached skill level 8 in Slings
  6728 | D:7      | Killed Dowan
  6733 | D:7      | Noticed Joseph
  6743 | D:7      | Killed Joseph
  6744 | D:7      | Reached XP level 9. HP: 35/78 MP: 8/8
  7206 | D:7      | Identified the +2 ring mail of Ibby {rN+}
  7265 | D:7      | Reached skill level 9 in Slings
  7286 | D:7      | Noticed Maggie
  7299 | D:7      | Killed Maggie
  7677 | D:8      | Found a basalt altar of Yredelemnul.
  7695 | D:8      | Reached skill level 10 in Slings
  7871 | D:8      | Reached XP level 10. HP: 44/88 MP: 9/9
  7942 | D:8      | Found a flagged portal.
  7966 | Bailey   | Entered a bailey
  7983 | Bailey   | Reached skill level 11 in Slings
  8342 | Bailey   | Noticed an orc knight
  8353 | Bailey   | Killed an orc knight
  8403 | Bailey   | Noticed an orc knight
  8419 | Bailey   | Killed an orc knight
  8420 | Bailey   | Reached skill level 12 in Slings
  8693 | D:8      | Found an ancient bone altar of Kikubaaqudgha.
  8740 | D:8      | Found Anyluixo's Jewellery Boutique.
  8747 | D:8      | Noticed Pikel
  8787 | D:8      | Killed Pikel
  8788 | D:8      | Reached skill level 1 in Short Blades
  9106 | D:8      | Reached XP level 11. HP: 94/97 MP: 10/10
  9136 | D:8      | Found a staircase to the Lair.
  9236 | D:8      | Noticed Gastronok
  9254 | D:8      | Killed Gastronok
  9255 | D:8      | Reached skill level 13 in Slings
  9279 | D:8      | Bought an amulet of reflection for 390 gold pieces
  9642 | D:8      | Identified a scroll of acquirement
  9643 | D:8      | Acquired a manual of Armour
  9936 | D:9      | Found a staircase to the Orcish Mines.
  9979 | D:9      | Reached skill level 10 in Fighting
 10949 | D:9      | Reached skill level 10 in Armour
 11122 | D:10     | Entered Level 10 of the Dungeon
 11203 | D:10     | Found a shadowy altar of Dithmenos.
 11313 | D:10     | Noticed an eight-headed hydra
 11317 | D:10     | Killed an eight-headed hydra
 11667 | D:10     | Found a burning altar of Makhleb.
 11669 | D:10     | Noticed an Executioner
 11686 | D:10     | Noticed Urug
 11700 | D:10     | Killed Urug
 11727 | D:10     | Noticed a two-headed ogre
 11757 | D:10     | Killed a two-headed ogre
 11758 | D:10     | Reached skill level 14 in Slings
 11758 | D:10     | Reached skill level 1 in Shields
 12004 | D:10     | Found a hazy altar of Hepliaklqana.
 12024 | D:10     | Became a worshipper of Hepliaklqana the Forgotten
 12024 | D:10     | Reached * piety under Hepliaklqana
 12024 | D:10     | Reached ** piety under Hepliaklqana
 12025 | D:10     | Remembered your ancestor Beorhtric as a battlemage
 12429 | D:11     | Noticed a two-headed ogre
 12433 | D:11     | Killed a two-headed ogre
 12434 | D:11     | Reached XP level 12. HP: 100/100 MP: 11/11
 12735 | D:11     | Noticed a centaur warrior
 12741 | D:11     | Noticed a centaur warrior
 12742 | D:11     | Killed a centaur warrior
 12753 | D:11     | Killed a centaur warrior
 13079 | D:11     | Noticed an eight-headed hydra
 13086 | D:11     | Killed an eight-headed hydra
 13925 | D:12     | Found a transporter.
 13925 | D:12     | Noticed firemarshallily's ghost (journeyman MfSu)
 13929 | D:12     | Noticed a two-headed ogre
 13930 | D:12     | Reached *** piety under Hepliaklqana
 13934 | D:12     | Killed a two-headed ogre
 14073 | D:12     | Found an opulent altar of Gozag.
 14193 | D:12     | Noticed a centaur warrior
 14200 | D:12     | Killed a centaur warrior
 14201 | D:12     | Reached skill level 15 in Slings
 14528 | D:12     | Noticed a vampire knight
 14530 | D:12     | Found a transporter.
 14629 | D:12     | Paralysed by something for 2 turns
 14637 | D:12     | Paralysed by a vampire knight for 2 turns
 14639 | D:12     | Slain by a vampire knight

Illustrated notes

Levels and vault maps discovered:
D:1:      elethiomel_arrival_maze, layout_basic, minmay_cupped
D:2:      minmay_inner_zag, layout_basic, dreamdust_ecumenical_altar_statues,
          kennysheep_generic_room_16
D:3:      layout_basic
D:4:      layout_gridville, minivault_24, minivault_27
D:5:      layout_cave_pools, ebering_ghost_reflecting_pool,
          uniq_crazy_yiuf_cottage
D:6:      layout_loops_corners, okawaru_trees_2, minmay_temple_entry_glass,
          nicolae_lava_and_water
D:7:      layout_gridville, mainiacjoe_overflow_cross_hatched, uniq_joseph,
          uniq_maggie, uniq_duvessa
D:8:      layout_rooms, overflow_temple_1_default, mainiacjoe_overflow_alcove_1,
          minmay_lair_entry_grove, enter_bailey_4,
          minmay_shop_enchanted_jewellery, nicolae_water_bricks, uniq_gastronok,
          uniq_pikel
D:9:      layout_stronghold, zombieorc2_lemuel, hangedman_incinerator
D:10:     layout_basic, nicolae_hepliaklqana_monster_ancestors,
          mainiacjoe_overflow_small_starburst, makhleb_altar_promises_db,
          uniq_urug
D:11:     layout_loops_corners, minmay_diamond_spiral
D:12:     layout_basic, gammafunk_ghost_mausoleum,
          nicolae_gozag_cash_rules_everything_around_me
Temple:   regret_index_temple_waves

Skill      XL: |  1  2  3  4  5  6  7  8  9 10 11 12 |
---------------+-------------------------------------+-----
Axes           | 4 5 6 |  6.2
Throwing       | 1 2 |  2.7
Dodging        | 4 |  4.6
Armour         | 2 3 4 5 6 7 11 13 | 13.3
Fighting       | 4 5 6 7 9 11 13 | 13.4
Stealth        | 2 3 |  3.0
Slings         | 2 5 8 10 12 14 15 | 15.1
Short Blades   | 3 |  3.7
Shields        | 1 4 |  4.2

Action                   |  1- 3 |  4- 6 |  7- 9 | 10-12 || total
-------------------------+-------+-------+-------+-------++-------
Melee: Hand axe          |    70 |    29 |       |       ||    99
       Headbutt          |     9 |     3 |     2 |    16 ||    30
       Punch             |       |     1 |       |     1 ||     2
       Battleaxe         |       |       |     6 |       ||     6
       Short sword       |       |       |     4 |    41 ||    45
       Long sword        |       |       |       |     8 ||     8
       Hunting sling     |       |       |       |     1 ||     1
 Fire: Hunting sling     |       |    37 |   166 |   575 ||   778
Throw: Boomerang         |    23 |    20 |       |       ||    43
Invok: Ancestor Life: Ba |       |       |       |     1 ||     1
  Use: Scroll            |       |     5 |     3 |    13 ||    21
       Potion            |       |       |       |     6 ||     6
 Stab: Sleeping          |     1 |       |       |       ||     1
Armor: Robe              |     6 |       |       |       ||     6
       Leather armour    |    14 |       |       |       ||    14
       Scale mail        |     2 |    16 |     5 |       ||    23
       Swamp dragon scal |       |       |     8 |     3 ||    11
       Chain mail        |       |       |     2 |       ||     2
       Crystal plate arm |       |       |       |   199 ||   199
Dodge: Dodged            |    45 |    33 |    36 |    41 ||   155
Block: Other             |       |       |       |    13 ||    13
       Kite shield       |       |       |       |    80 ||    80
       Reflection        |       |       |       |    11 ||    11
